[ AOE2 MATCH · #474426973 ]
UnrankedMagyars vs Armenians
[ REPLAY ANALYSIS · EXTRACTED FROM THE RECORDED GAME ]
Feudal
11:25
Castle
—
Imperial
—
| APM avg | 4.3 |
| APM peak | 31 |
| eAPM avg | 2.6 |
| Villagers / military | 35 / 6 |
Focus
⚔️ 4.7% · 🌾 95.3%
Scout Cavalry ×5 · Spearman ×1
Feudal
12:32
Castle
32:10
Imperial
38:31
| APM avg | 15.3 |
| APM peak | 44 |
| eAPM avg | 9.1 |
| Villagers / military | 48 / 56 |
Focus
⚔️ 35.7% · 🌾 64.3%
Militia ×47 · Warrior Priest ×4 · Battering Ram ×3 · Mangonel ×2
Feudal
10:09
Castle
14:57
Imperial
43:07
| APM avg | 18.7 |
| APM peak | 62 |
| eAPM avg | 11.6 |
| Villagers / military | 93 / 20 |
Focus
⚔️ 17.0% · 🌾 83.0%
Unknown (1962) ×14 · Unknown (1942) ×12 · Mangonel ×9 · Battering Ram ×7 · Monk ×4
Feudal
—
Castle
—
Imperial
—
| APM avg | 0.0 |
| APM peak | 1 |
| eAPM avg | 0.0 |
| Villagers / military | 0 / 0 |
Feudal
11:15
Castle
16:12
Imperial
30:21
| APM avg | 21.9 |
| APM peak | 51 |
| eAPM avg | 12.1 |
| Villagers / military | 106 / 73 |
Focus
⚔️ 18.6% · 🌾 81.4%
Archer ×73
Feudal
14:03
Castle
17:42
Imperial
21:51
| APM avg | 23.0 |
| APM peak | 59 |
| eAPM avg | 9.0 |
| Villagers / military | 45 / 31 |
Focus
⚔️ 23.0% · 🌾 77.0%
Hand Cannoneer ×25 · Spearman ×5 · Bombard Cannon ×1
Feudal
12:17
Castle
21:36
Imperial
37:28
| APM avg | 15.4 |
| APM peak | 64 |
| eAPM avg | 12.2 |
| Villagers / military | 144 / 43 |
Focus
⚔️ 19.4% · 🌾 80.6%
Knight ×43
Feudal
11:11
Castle
16:01
Imperial
—
| APM avg | 19.8 |
| APM peak | 104 |
| eAPM avg | 9.5 |
| Villagers / military | 24 / 10 |
Focus
⚔️ 15.9% · 🌾 84.1%
Knight ×4 · Scout Cavalry ×4 · Archer ×2
Match map
Initial resources + every placement click. Lines = walls · curves = elevation contours. ◆ gold · ⬟ stone · ● berries · ✦ relic · ◌ wall gap
Inputs per minute
— miguel.athien - - chello3200
Build order — miguel.athien
72 actions detected in the replay
| 0:00 | Create | Villager (Male) |
| 0:01 | Create | Villager (Male) |
| 0:01 | Create | Villager (Male) |
| 0:03 | Build | House |
| 0:06 | Build | House |
| 0:07 | Create | Villager (Male) |
| 0:08 | Create | Villager (Male) |
| 1:36 | Create | Villager (Male) |
| 1:46 | Build | Lumber Camp |
| 2:05 | Create | Villager (Male) |
| 2:30 | Create | Villager (Male) |
| 2:55 | Create | Villager (Male) |
| 3:08 | Build | House |
| 3:19 | Create | Villager (Male) |
| 3:48 | Create | Villager (Male) |
| 3:57 | Build | Mill |
| 4:03 | Create | Villager (Male) |
| 4:41 | Create | Villager (Male) |
| 5:07 | Create | Villager (Male) |
| 5:07 | Create | Villager (Male) |
| 5:27 | Create | Villager (Male) |
| 5:28 | Create | Villager (Male) |
| 6:41 | Create | Villager (Male) |
| 6:47 | Build | House |
| 7:05 | Create | Villager (Male) |
| 7:52 | Build | Mill |
| 7:58 | Create | Villager (Male) |
| 7:58 | Create | Villager (Male) |
| 8:04 | Build | House |
| 8:05 | Build | House |
| 8:29 | Build | Farm |
| 8:50 | Build | Farm |
| 9:15 | Research | Feudal Age |
| 9:44 | Build | House |
| 10:33 | Build | House |
| 10:39 | Create | Villager (Male) |
| 11:05 | Build | Barracks |
| 11:21 | Create | Villager (Male) ×5 |
| 11:25 | Age | Feudal Age |
| 11:32 | Research | Double-Bit Axe |
| 11:35 | Research | Horse Collar |
| 11:59 | Build | Farm |
| 12:28 | Build | Stable |
| 12:43 | Create | Villager (Male) |
| 12:44 | Build | Farm |
| 13:11 | Build | Farm |
| 13:23 | Create | Scout Cavalry ×5 |
| 13:30 | Build | House |
| 13:31 | Build | House |
| 13:32 | Build | House |
| 13:33 | Build | House |
| 13:40 | Build | Farm |
| 13:46 | Create | Spearman |
| 13:56 | Build | Farm |
| 14:08 | Build | Mining Camp |
| 14:28 | Create | Villager (Male) |
| 14:28 | Create | Villager (Male) |
| 14:39 | Create | Villager (Male) |
| 14:54 | Build | Farm |
| 14:58 | Build | Farm |
| 15:27 | Build | Farm |
| 15:34 | Create | Villager (Male) |
| 16:04 | Build | Palisade Wall |
| 16:07 | Build | Farm |
| 16:08 | Create | Villager (Male) |
| 16:15 | Build | Mining Camp |
| 16:26 | Create | Villager (Male) |
| 16:39 | Build | Farm |
| 17:07 | Build | Farm |
| 17:27 | Research | Stone Mining |
| 17:35 | Research | Wheelbarrow |
| 17:54 | Create | Villager (Male) |
Build order — chello3200
First 150 of 182 actions detected
| 0:09 | Build | House |
| 0:11 | Create | Villager (Male) |
| 0:13 | Research | Loom |
| 0:14 | Create | Villager (Male) |
| 0:14 | Create | Villager (Male) |
| 0:14 | Create | Villager (Male) |
| 0:15 | Create | Villager (Male) |
| 0:35 | Build | House |
| 1:26 | Create | Villager (Male) |
| 2:48 | Create | Villager (Male) |
| 2:48 | Create | Villager (Male) |
| 3:28 | Create | Villager (Male) |
| 3:29 | Create | Villager (Male) |
| 3:29 | Create | Villager (Male) |
| 3:44 | Build | House |
| 4:14 | Create | Villager (Male) |
| 4:34 | Create | Villager (Male) |
| 4:55 | Build | Mill |
| 5:27 | Create | Villager (Male) |
| 5:28 | Create | Villager (Male) |
| 6:09 | Build | House |
| 6:58 | Create | Villager (Male) |
| 6:59 | Create | Villager (Male) |
| 6:59 | Create | Villager (Male) |
| 7:02 | Create | Villager (Male) |
| 8:10 | Create | Villager (Male) |
| 8:52 | Build | Mule Cart |
| 9:01 | Create | Villager (Male) |
| 9:02 | Create | Villager (Male) |
| 9:54 | Create | Villager (Male) |
| 9:54 | Create | Villager (Male) |
| 9:59 | Research | Feudal Age |
| 10:28 | Build | House |
| 10:30 | Build | House |
| 10:45 | Build | Mule Cart |
| 12:17 | Build | Barracks |
| 12:27 | Build | Barracks |
| 12:32 | Age | Feudal Age |
| 12:37 | Create | Villager (Male) |
| 12:37 | Create | Villager (Male) |
| 12:37 | Create | Villager (Male) |
| 12:48 | Research | Horse Collar |
| 13:06 | Build | Farm |
| 13:06 | Build | Farm |
| 13:06 | Build | Farm |
| 13:07 | Build | Farm |
| 13:10 | Build | Farm |
| 13:11 | Build | Farm |
| 13:12 | Build | Farm |
| 13:20 | Research | Man-at-Arms (upgrade) |
| 13:35 | Research | Double-Bit Axe |
| 13:50 | Build | Farm |
| 14:02 | Build | Farm |
| 14:08 | Research | Long Swordsman (upgrade) |
| 14:10 | Create | Militia |
| 14:10 | Create | Militia |
| 14:10 | Create | Militia |
| 14:14 | Create | Militia |
| 14:33 | Build | House |
| 14:41 | Create | Villager (Male) |
| 14:42 | Create | Villager (Male) |
| 14:56 | Build | Farm |
| 15:04 | Create | Militia |
| 15:04 | Create | Militia |
| 15:16 | Build | House |
| 15:18 | Build | House |
| 15:32 | Create | Villager (Male) |
| 15:38 | Build | Farm |
| 15:57 | Build | Blacksmith |
| 16:06 | Build | Farm |
| 16:15 | Create | Militia |
| 16:16 | Create | Militia |
| 16:16 | Create | Militia |
| 17:42 | Create | Militia |
| 17:43 | Create | Militia |
| 17:43 | Create | Militia |
| 17:43 | Create | Militia |
| 19:48 | Create | Militia |
| 19:48 | Create | Militia |
| 19:48 | Create | Militia |
| 19:48 | Create | Militia |
| 19:49 | Create | Militia |
| 21:40 | Create | Militia |
| 21:40 | Create | Militia |
| 21:40 | Create | Militia |
| 21:41 | Create | Militia |
| 21:42 | Create | Militia |
| 21:54 | Build | Farm |
| 21:55 | Build | Farm |
| 21:55 | Build | Farm |
| 21:55 | Build | Farm |
| 21:57 | Build | Farm |
| 22:03 | Research | Wheelbarrow |
| 22:09 | Build | House |
| 22:12 | Research | Forging |
| 22:18 | Create | Militia |
| 22:18 | Create | Militia |
| 24:06 | Create | Villager (Male) |
| 24:07 | Create | Villager (Male) |
| 24:07 | Create | Villager (Male) |
| 24:17 | Build | Mule Cart |
| 24:34 | Build | House |
| 24:35 | Build | House |
| 24:36 | Build | House |
| 24:40 | Build | House |
| 24:52 | Build | Farm |
| 25:22 | Build | Farm |
| 25:25 | Build | Farm |
| 28:08 | Build | Market |
| 28:13 | Create | Villager (Male) |
| 28:13 | Create | Villager (Male) |
| 28:14 | Create | Villager (Male) |
| 28:35 | Research | Scale Mail Armor |
| 28:50 | Build | Farm |
| 29:15 | Build | Barracks |
| 29:17 | Build | Barracks |
| 29:30 | Research | Castle Age |
| 29:48 | Research | Pikeman (upgrade) |
| 29:52 | Research | Gold Mining |
| 30:03 | Research | Padded Archer Armor |
| 30:08 | Create | Villager (Male) |
| 30:08 | Create | Villager (Male) |
| 30:09 | Create | Villager (Male) |
| 30:10 | Create | Villager (Male) |
| 30:33 | Build | Mule Cart |
| 31:54 | Create | Militia |
| 31:54 | Create | Militia |
| 31:55 | Create | Militia |
| 31:55 | Create | Militia |
| 31:56 | Create | Militia |
| 31:56 | Create | Militia |
| 31:56 | Create | Militia |
| 32:10 | Age | Castle Age |
| 32:15 | Build | Siege Workshop |
| 32:22 | Create | Militia |
| 32:27 | Research | Squires |
| 32:28 | Research | Two-Handed Swordsman (upgrade) |
| 32:51 | Build | Siege Workshop |
| 32:57 | Build | Monastery |
| 33:21 | Create | Villager (Male) |
| 33:21 | Create | Villager (Male) |
| 33:21 | Create | Villager (Male) |
| 33:41 | Build | Town Center |
| 33:57 | Create | Battering Ram |
| 33:57 | Create | Battering Ram |
| 33:58 | Create | Battering Ram |
| 34:07 | Create | Warrior Priest |
| 34:08 | Create | Warrior Priest |
| 34:23 | Build | Mule Cart |
| 35:21 | Research | Imperial Age |
Build order — LaPolitziaaa
First 150 of 223 actions detected
| 0:02 | Create | Villager (Male) |
| 0:03 | Create | Villager (Male) |
| 0:03 | Create | Villager (Male) |
| 0:03 | Create | Villager (Male) |
| 0:03 | Create | Villager (Male) |
| 0:07 | Build | House |
| 0:09 | Build | House |
| 1:33 | Create | Villager (Male) |
| 1:54 | Build | Lumber Camp |
| 2:11 | Create | Villager (Male) |
| 2:40 | Create | Villager (Male) |
| 3:11 | Create | Villager (Male) |
| 3:12 | Create | Villager (Male) |
| 3:12 | Create | Villager (Male) |
| 3:48 | Build | Mill |
| 4:09 | Create | Villager (Male) |
| 4:09 | Create | Villager (Male) |
| 4:44 | Build | House |
| 4:45 | Build | House |
| 5:00 | Create | Villager (Male) |
| 5:00 | Create | Villager (Male) |
| 5:00 | Create | Villager (Male) |
| 5:01 | Create | Villager (Male) |
| 5:57 | Create | Villager (Male) |
| 6:21 | Create | Villager (Male) |
| 6:23 | Create | Villager (Male) |
| 7:53 | Research | Feudal Age |
| 7:53 | Research | Loom |
| 9:02 | Build | Mill |
| 10:04 | Create | Villager (Male) |
| 10:09 | Age | Feudal Age |
| 10:20 | Build | Blacksmith |
| 11:27 | Build | Market |
| 12:17 | Research | Castle Age |
| 12:32 | Build | Mining Camp |
| 13:50 | Create | Villager (Male) |
| 14:57 | Age | Castle Age |
| 15:06 | Build | Siege Workshop |
| 15:07 | Build | Siege Workshop |
| 15:24 | Create | Villager (Male) |
| 15:42 | Research | Double-Bit Axe |
| 15:50 | Build | House |
| 15:53 | Build | House |
| 15:59 | Create | Unit 1962 |
| 15:59 | Create | Unit 1962 |
| 16:00 | Create | Unit 1962 |
| 16:07 | Create | Villager (Male) |
| 16:29 | Build | House |
| 16:30 | Build | House |
| 16:47 | Create | Battering Ram |
| 16:48 | Create | Battering Ram |
| 17:17 | Create | Unit 1962 |
| 17:43 | Build | House |
| 17:44 | Build | House |
| 17:50 | Create | Villager (Male) |
| 17:56 | Create | Villager (Male) |
| 18:36 | Create | Battering Ram |
| 18:41 | Create | Unit 1962 |
| 19:30 | Create | Villager (Male) |
| 19:32 | Create | Villager (Male) |
| 19:42 | Build | Farm |
| 19:43 | Build | Farm |
| 19:44 | Build | Farm |
| 19:45 | Build | Farm |
| 19:46 | Build | Farm |
| 19:46 | Build | Farm |
| 19:49 | Build | Farm |
| 19:49 | Build | Farm |
| 19:55 | Create | Villager (Male) |
| 20:25 | Create | Battering Ram |
| 20:26 | Create | Battering Ram |
| 20:51 | Create | Villager (Male) |
| 20:55 | Build | Farm |
| 20:58 | Create | Villager (Male) |
| 20:59 | Create | Villager (Male) |
| 20:59 | Create | Villager (Male) |
| 21:00 | Create | Villager (Male) |
| 21:28 | Research | Fletching |
| 21:37 | Build | Barracks |
| 22:02 | Create | Villager (Male) |
| 22:39 | Create | Villager (Male) |
| 22:52 | Build | House |
| 22:53 | Build | House |
| 22:53 | Build | House |
| 24:37 | Create | Villager (Male) |
| 24:38 | Create | Villager (Male) |
| 24:45 | Build | Archery Range |
| 24:49 | Build | Stable |
| 24:57 | Create | Villager (Male) |
| 25:21 | Build | Town Center |
| 25:23 | Create | Villager (Male) |
| 25:49 | Create | Villager (Male) |
| 25:49 | Create | Villager (Male) |
| 25:52 | Research | Bodkin Arrow |
| 26:00 | Create | Mangonel |
| 26:00 | Create | Mangonel |
| 26:02 | Create | Battering Ram |
| 26:14 | Research | Gold Mining |
| 26:20 | Research | Horse Collar |
| 26:26 | Build | Farm |
| 26:26 | Build | Farm |
| 26:29 | Create | Villager (Male) |
| 26:38 | Create | Villager (Male) |
| 26:38 | Create | Villager (Male) |
| 26:40 | Create | Villager (Male) |
| 26:40 | Create | Villager (Male) |
| 26:41 | Create | Villager (Male) |
| 27:04 | Build | Mining Camp |
| 27:08 | Create | Villager (Male) |
| 27:08 | Create | Villager (Male) |
| 27:49 | Create | Villager (Male) |
| 27:49 | Create | Villager (Male) |
| 27:49 | Create | Villager (Male) |
| 27:50 | Create | Villager (Male) |
| 28:11 | Create | Unit 1962 |
| 28:11 | Create | Unit 1962 |
| 28:33 | Create | Villager (Male) |
| 28:33 | Create | Villager (Male) |
| 28:43 | Build | Lumber Camp |
| 29:18 | Build | Farm |
| 29:22 | Create | Villager (Male) |
| 29:27 | Create | Mangonel |
| 29:29 | Create | Battering Ram |
| 29:30 | Create | Unit 1962 |
| 29:30 | Create | Unit 1962 |
| 29:42 | Build | Farm |
| 29:55 | Build | House |
| 29:56 | Build | House |
| 29:57 | Build | House |
| 29:59 | Build | House |
| 30:01 | Build | House |
| 30:03 | Build | House |
| 30:12 | Create | Villager (Male) |
| 30:15 | Create | Villager (Male) |
| 30:15 | Create | Villager (Male) |
| 30:48 | Create | Villager (Male) |
| 30:48 | Create | Villager (Male) |
| 30:59 | Build | Farm |
| 31:09 | Create | Mangonel |
| 31:10 | Create | Mangonel |
| 31:35 | Build | Castle |
| 31:44 | Build | Farm |
| 31:45 | Create | Villager (Male) |
| 31:52 | Build | Farm |
| 31:59 | Build | Farm |
| 32:01 | Create | Villager (Male) |
| 32:29 | Create | Villager (Male) |
| 32:32 | Build | Farm |
| 32:47 | Build | Farm |
| 32:59 | Research | Heavy Plow |
Build order — HABS
0 actions detected in the replay
Build order — Aphelink
First 150 of 254 actions detected
| 0:01 | Create | Villager (Male) |
| 0:01 | Create | Villager (Male) |
| 0:02 | Build | House |
| 0:03 | Build | House |
| 0:33 | Create | Villager (Male) |
| 0:33 | Create | Villager (Male) |
| 1:41 | Create | Villager (Male) |
| 1:41 | Create | Villager (Male) |
| 1:49 | Build | Lumber Camp |
| 2:05 | Create | Villager (Male) |
| 2:35 | Create | Villager (Male) |
| 2:36 | Create | Villager (Male) |
| 2:54 | Create | Villager (Male) |
| 3:01 | Build | House |
| 3:02 | Build | House |
| 3:11 | Create | Villager (Male) |
| 3:46 | Create | Villager (Male) |
| 4:21 | Create | Villager (Male) |
| 4:21 | Create | Villager (Male) |
| 4:27 | Build | Mill |
| 4:45 | Create | Villager (Male) |
| 5:03 | Create | Villager (Male) |
| 5:45 | Create | Villager (Male) |
| 5:45 | Create | Villager (Male) |
| 5:53 | Build | Mill |
| 6:08 | Create | Villager (Male) |
| 6:08 | Create | Villager (Male) |
| 6:39 | Create | Villager (Male) |
| 6:39 | Create | Villager (Male) |
| 7:03 | Create | Villager (Male) |
| 8:13 | Create | Villager (Male) |
| 8:30 | Create | Villager (Male) |
| 8:51 | Research | Feudal Age |
| 9:04 | Build | Mining Camp |
| 9:36 | Build | House |
| 9:38 | Build | House |
| 9:39 | Build | House |
| 9:56 | Build | House |
| 9:59 | Build | House |
| 10:23 | Build | Barracks |
| 10:37 | Create | Villager (Male) |
| 10:38 | Create | Villager (Male) |
| 10:49 | Build | Farm |
| 10:50 | Build | Farm |
| 10:50 | Build | Farm |
| 10:50 | Build | Farm |
| 11:15 | Age | Feudal Age |
| 11:37 | Build | Archery Range |
| 11:43 | Create | Villager (Male) |
| 12:16 | Create | Villager (Male) |
| 12:22 | Build | Blacksmith |
| 12:36 | Create | Villager (Male) |
| 12:45 | Create | Archer |
| 12:46 | Create | Archer |
| 12:46 | Create | Archer |
| 13:01 | Research | Double-Bit Axe |
| 13:09 | Build | Farm |
| 13:19 | Build | Farm |
| 13:32 | Research | Castle Age |
| 13:37 | Build | House |
| 13:43 | Build | House |
| 13:50 | Build | Palisade Wall |
| 14:03 | Create | Archer |
| 14:06 | Research | Fletching |
| 14:21 | Research | Horse Collar |
| 14:40 | Create | Archer |
| 15:38 | Create | Villager (Male) |
| 15:42 | Build | Farm |
| 15:42 | Build | Farm |
| 15:42 | Build | Farm |
| 15:43 | Build | Farm |
| 15:43 | Build | Farm |
| 15:43 | Build | Farm |
| 15:43 | Build | Farm |
| 15:43 | Build | Farm |
| 15:59 | Research | Loom |
| 16:00 | Create | Villager (Male) |
| 16:12 | Age | Castle Age |
| 16:13 | Research | Crossbowman (upgrade) |
| 16:25 | Research | Bodkin Arrow |
| 16:26 | Research | Bodkin Arrow |
| 16:48 | Build | University |
| 17:02 | Build | University |
| 17:08 | Create | Villager (Male) |
| 17:08 | Create | Villager (Male) |
| 17:08 | Create | Villager (Male) |
| 17:09 | Create | Villager (Male) |
| 17:23 | Create | Archer |
| 17:23 | Create | Archer |
| 17:23 | Create | Archer |
| 17:23 | Create | Archer |
| 17:46 | Create | Villager (Male) |
| 18:03 | Build | House |
| 18:04 | Build | House |
| 18:05 | Build | House |
| 18:06 | Build | House |
| 18:09 | Research | Wheelbarrow |
| 18:50 | Create | Archer |
| 18:50 | Create | Archer |
| 19:30 | Research | Hand Cart |
| 19:36 | Build | Town Center |
| 19:40 | Create | Villager (Male) |
| 19:40 | Create | Villager (Male) |
| 19:40 | Create | Villager (Male) |
| 21:10 | Create | Villager (Male) |
| 21:11 | Create | Villager (Male) |
| 21:19 | Research | Thumb Ring |
| 21:30 | Research | Bow Saw |
| 21:43 | Build | Farm |
| 21:50 | Build | Farm |
| 22:08 | Create | Villager (Male) |
| 22:09 | Create | Villager (Male) |
| 22:09 | Create | Villager (Male) |
| 22:10 | Create | Villager (Male) |
| 22:47 | Create | Villager (Male) |
| 22:47 | Create | Villager (Male) |
| 22:47 | Create | Villager (Male) |
| 23:37 | Create | Villager (Male) |
| 23:37 | Create | Villager (Male) |
| 23:38 | Create | Villager (Male) |
| 23:39 | Create | Villager (Male) |
| 23:39 | Create | Villager (Male) |
| 23:40 | Create | Villager (Male) |
| 23:40 | Create | Villager (Male) |
| 23:43 | Build | Farm |
| 23:43 | Build | Farm |
| 23:43 | Build | Farm |
| 23:44 | Build | Farm |
| 23:51 | Build | Farm |
| 23:53 | Research | Heavy Plow |
| 23:58 | Create | Archer ×5 |
| 24:08 | Build | Farm |
| 24:14 | Create | Villager (Male) |
| 24:15 | Create | Villager (Male) |
| 24:25 | Build | Farm |
| 24:26 | Build | Farm |
| 24:26 | Build | Farm |
| 24:27 | Build | Farm |
| 24:45 | Build | Farm |
| 24:46 | Build | Farm |
| 25:29 | Build | House |
| 25:30 | Build | House |
| 25:31 | Build | House |
| 25:32 | Build | House |
| 25:32 | Build | House |
| 25:32 | Build | House |
| 25:33 | Build | House |
| 25:33 | Build | House |
| 25:33 | Build | House |
| 26:01 | Create | Villager (Male) |
Build order — Lordsville
First 150 of 163 actions detected
| 0:01 | Create | Villager (Male) |
| 0:01 | Create | Villager (Male) |
| 0:01 | Create | Villager (Male) |
| 0:02 | Create | Villager (Male) |
| 0:02 | Create | Villager (Male) |
| 0:03 | Build | House |
| 0:05 | Build | House |
| 1:37 | Create | Villager (Male) |
| 1:50 | Build | Lumber Camp |
| 2:06 | Create | Villager (Male) |
| 2:18 | Create | Villager (Male) |
| 3:00 | Create | Villager (Male) |
| 3:00 | Create | Villager (Male) |
| 3:19 | Create | Villager (Male) |
| 3:37 | Build | House |
| 3:45 | Create | Villager (Male) |
| 3:54 | Build | Mill |
| 4:26 | Create | Villager (Male) |
| 4:26 | Create | Villager (Male) |
| 4:26 | Create | Villager (Male) |
| 4:26 | Create | Villager (Male) |
| 5:29 | Create | Villager (Male) |
| 5:29 | Create | Villager (Male) |
| 5:30 | Create | Villager (Male) |
| 5:39 | Build | House |
| 7:14 | Build | Mill |
| 7:42 | Create | Villager (Male) |
| 7:42 | Create | Villager (Male) |
| 7:42 | Create | Villager (Male) |
| 7:43 | Create | Villager (Male) |
| 7:44 | Create | Villager (Male) |
| 7:44 | Create | Villager (Male) |
| 7:47 | Create | Villager (Male) |
| 7:47 | Create | Villager (Male) |
| 7:48 | Create | Villager (Male) |
| 7:49 | Create | Villager (Male) |
| 9:50 | Build | House |
| 9:56 | Build | House |
| 10:04 | Research | Feudal Age |
| 10:34 | Build | Farm |
| 10:35 | Build | Farm |
| 10:36 | Build | Farm |
| 11:10 | Build | Mining Camp |
| 11:34 | Build | Farm |
| 11:56 | Build | Farm |
| 12:04 | Build | Farm |
| 12:34 | Create | Villager (Male) |
| 12:34 | Create | Villager (Male) |
| 14:03 | Age | Feudal Age |
| 14:06 | Build | Market |
| 14:12 | Build | Blacksmith |
| 14:30 | Build | Mining Camp |
| 15:02 | Research | Castle Age |
| 16:08 | Create | Villager (Male) |
| 16:09 | Create | Villager (Male) |
| 16:43 | Build | Farm |
| 16:44 | Build | Farm |
| 16:54 | Build | Palisade Wall |
| 17:42 | Age | Castle Age |
| 17:45 | Build | Siege Workshop |
| 17:50 | Build | Monastery |
| 18:41 | Research | Imperial Age |
| 19:03 | Build | Barracks |
| 19:10 | Build | House |
| 19:56 | Build | Siege Workshop |
| 20:05 | Build | Archery Range |
| 20:19 | Build | Archery Range |
| 20:24 | Research | Double-Bit Axe |
| 20:26 | Research | Gold Mining |
| 20:58 | Build | Archery Range |
| 21:16 | Create | Villager (Male) |
| 21:16 | Create | Villager (Male) |
| 21:32 | Build | Palisade Wall |
| 21:36 | Build | Building 800 |
| 21:51 | Age | Imperial Age |
| 21:59 | Create | Hand Cannoneer |
| 21:59 | Create | Hand Cannoneer |
| 22:01 | Create | Bombard Cannon |
| 22:04 | Create | Hand Cannoneer |
| 22:04 | Create | Hand Cannoneer |
| 22:05 | Create | Hand Cannoneer |
| 22:06 | Create | Hand Cannoneer |
| 22:09 | Create | Hand Cannoneer |
| 22:28 | Create | Villager (Male) |
| 22:28 | Create | Villager (Male) |
| 22:28 | Create | Villager (Male) |
| 22:47 | Build | House |
| 22:49 | Build | House |
| 23:29 | Create | Hand Cannoneer |
| 23:29 | Create | Hand Cannoneer |
| 23:29 | Create | Hand Cannoneer |
| 23:29 | Create | Hand Cannoneer |
| 23:30 | Create | Hand Cannoneer |
| 23:30 | Create | Hand Cannoneer |
| 23:46 | Build | House |
| 24:25 | Build | Farm |
| 24:46 | Build | Mill |
| 26:23 | Create | Hand Cannoneer |
| 26:23 | Create | Hand Cannoneer |
| 26:24 | Create | Hand Cannoneer |
| 26:24 | Create | Hand Cannoneer |
| 26:24 | Create | Hand Cannoneer |
| 26:25 | Create | Hand Cannoneer |
| 26:55 | Build | House |
| 26:58 | Build | House |
| 27:21 | Build | Palisade Wall |
| 27:57 | Build | Farm |
| 28:39 | Build | Palisade Wall |
| 29:01 | Build | Mining Camp |
| 29:12 | Build | Building 800 |
| 30:20 | Build | House |
| 30:22 | Build | House |
| 31:21 | Build | Palisade Gate |
| 32:05 | Build | House |
| 32:10 | Build | House |
| 32:14 | Build | Palisade Wall |
| 32:21 | Build | Palisade Wall |
| 32:26 | Build | House |
| 33:06 | Create | Spearman |
| 33:06 | Create | Spearman |
| 33:07 | Create | Spearman |
| 33:08 | Create | Spearman |
| 33:09 | Create | Spearman |
| 33:15 | Create | Hand Cannoneer |
| 33:16 | Create | Hand Cannoneer |
| 33:16 | Create | Hand Cannoneer |
| 33:18 | Create | Hand Cannoneer |
| 33:18 | Create | Hand Cannoneer |
| 33:18 | Create | Hand Cannoneer |
| 33:37 | Build | Mining Camp |
| 34:03 | Build | Town Center |
| 34:34 | Build | Market |
| 36:31 | Build | Farm |
| 36:31 | Build | Farm |
| 36:32 | Build | Farm |
| 36:32 | Build | Farm |
| 36:32 | Build | Farm |
| 37:56 | Build | Farm |
| 37:57 | Build | Farm |
| 37:57 | Build | Farm |
| 37:57 | Build | Farm |
| 37:58 | Build | Farm |
| 37:58 | Build | Farm |
| 40:37 | Create | Villager (Male) |
| 40:37 | Create | Villager (Male) |
| 40:38 | Create | Villager (Male) |
| 40:38 | Create | Villager (Male) |
| 40:46 | Build | House |
| 40:51 | Build | House |
| 41:08 | Build | House |
Build order — Betogram
First 150 of 326 actions detected
| 0:16 | Create | Villager (Male) |
| 0:16 | Create | Villager (Male) |
| 0:16 | Create | Villager (Male) |
| 0:16 | Create | Villager (Male) |
| 0:17 | Create | Villager (Male) |
| 1:43 | Create | Villager (Male) |
| 2:09 | Create | Villager (Male) |
| 2:30 | Create | Villager (Male) |
| 2:58 | Create | Villager (Male) |
| 4:08 | Create | Villager (Male) |
| 4:09 | Create | Villager (Male) |
| 4:09 | Create | Villager (Male) |
| 4:40 | Build | Mill |
| 5:15 | Create | Villager (Male) |
| 5:15 | Create | Villager (Male) |
| 5:15 | Create | Villager (Male) |
| 5:51 | Create | Villager (Male) |
| 6:47 | Create | Villager (Male) |
| 6:48 | Create | Villager (Male) |
| 6:48 | Create | Villager (Male) |
| 6:48 | Create | Villager (Male) |
| 6:48 | Create | Villager (Male) |
| 6:56 | Build | Mill |
| 7:45 | Build | Lumber Camp |
| 8:37 | Create | Villager (Male) |
| 8:54 | Create | Villager (Male) |
| 8:54 | Create | Villager (Male) |
| 9:09 | Build | Mining Camp |
| 9:21 | Build | Mining Camp |
| 9:39 | Create | Villager (Male) |
| 10:00 | Research | Feudal Age |
| 10:09 | Create | Villager (Male) |
| 10:10 | Create | Villager (Male) |
| 11:27 | Build | Lumber Camp |
| 12:17 | Age | Feudal Age |
| 12:40 | Build | Farm |
| 12:40 | Build | Farm |
| 12:41 | Build | Farm |
| 12:41 | Build | Farm |
| 12:41 | Build | Farm |
| 12:41 | Build | Farm |
| 12:42 | Build | Farm |
| 12:42 | Build | Farm |
| 12:42 | Build | Farm |
| 12:42 | Build | Farm |
| 12:43 | Build | Farm |
| 12:54 | Research | Double-Bit Axe |
| 13:07 | Build | Farm |
| 13:19 | Build | Farm |
| 13:30 | Create | Villager (Male) |
| 13:31 | Create | Villager (Male) |
| 13:31 | Create | Villager (Male) |
| 13:31 | Create | Villager (Male) |
| 13:31 | Create | Villager (Male) |
| 13:32 | Create | Villager (Male) |
| 13:32 | Create | Villager (Male) |
| 13:32 | Create | Villager (Male) |
| 13:33 | Create | Villager (Male) |
| 13:33 | Create | Villager (Male) |
| 13:33 | Create | Villager (Male) |
| 14:02 | Build | Farm |
| 14:05 | Build | Farm |
| 14:08 | Build | Farm |
| 14:12 | Build | Farm |
| 14:21 | Build | Farm |
| 14:23 | Build | Farm |
| 15:26 | Build | Market |
| 16:38 | Build | Farm |
| 16:38 | Build | Farm |
| 16:42 | Build | Farm |
| 16:45 | Build | Farm |
| 16:47 | Build | Farm |
| 16:50 | Build | Farm |
| 16:53 | Build | Farm |
| 16:54 | Build | Farm |
| 16:57 | Build | Farm |
| 17:01 | Build | Farm |
| 17:05 | Build | Farm |
| 17:11 | Create | Villager (Male) |
| 17:11 | Create | Villager (Male) |
| 17:31 | Build | Blacksmith |
| 18:18 | Research | Castle Age |
| 19:01 | Build | Barracks |
| 20:04 | Research | Wheelbarrow |
| 20:05 | Research | Loom |
| 20:07 | Create | Villager (Male) |
| 20:08 | Create | Villager (Male) |
| 20:08 | Create | Villager (Male) |
| 20:16 | Research | Horse Collar |
| 20:24 | Build | Stable |
| 20:27 | Build | Stable |
| 20:35 | Research | Scale Barding Armor |
| 20:36 | Research | Scale Mail Armor |
| 20:44 | Research | Forging |
| 21:23 | Research | Bloodlines |
| 21:36 | Age | Castle Age |
| 21:39 | Build | Stable |
| 21:49 | Build | Monastery |
| 21:54 | Build | University |
| 22:00 | Research | Husbandry |
| 22:01 | Create | Knight |
| 22:01 | Create | Knight |
| 22:01 | Create | Knight |
| 22:02 | Create | Knight |
| 22:37 | Create | Knight |
| 23:19 | Build | Farm |
| 23:27 | Build | Farm |
| 24:38 | Create | Villager (Male) |
| 24:38 | Create | Villager (Male) |
| 24:38 | Create | Villager (Male) |
| 24:38 | Create | Villager (Male) |
| 24:39 | Create | Villager (Male) |
| 24:39 | Create | Villager (Male) |
| 24:39 | Create | Villager (Male) |
| 24:49 | Build | Farm |
| 24:49 | Build | Farm |
| 24:51 | Build | Farm |
| 24:52 | Build | Farm |
| 26:01 | Build | Town Center |
| 26:48 | Create | Knight |
| 26:48 | Create | Knight |
| 26:49 | Create | Knight |
| 26:49 | Create | Knight |
| 26:49 | Create | Knight |
| 27:06 | Create | Knight |
| 27:06 | Create | Knight |
| 27:07 | Create | Knight |
| 27:07 | Create | Knight |
| 27:07 | Create | Knight |
| 27:07 | Create | Knight |
| 27:32 | Create | Villager (Male) |
| 27:32 | Create | Villager (Male) |
| 27:33 | Create | Villager (Male) |
| 27:33 | Create | Villager (Male) |
| 27:33 | Create | Villager (Male) |
| 27:33 | Create | Villager (Male) |
| 27:34 | Create | Villager (Male) |
| 27:43 | Create | Knight |
| 27:44 | Create | Knight |
| 27:58 | Build | Farm |
| 29:13 | Build | Town Center |
| 29:20 | Create | Villager (Male) |
| 29:20 | Create | Villager (Male) |
| 29:20 | Create | Villager (Male) |
| 29:21 | Create | Villager (Male) |
| 29:21 | Create | Villager (Male) |
| 29:21 | Create | Villager (Male) |
| 29:22 | Create | Villager (Male) |
| 29:22 | Create | Villager (Male) |
| 29:22 | Create | Villager (Male) |
Build order — ROROGA
66 actions detected in the replay
| 0:03 | Create | Villager (Male) |
| 0:03 | Create | Villager (Male) |
| 0:03 | Create | Villager (Male) |
| 0:06 | Build | House |
| 0:09 | Build | House |
| 1:15 | Create | Villager (Male) |
| 1:34 | Create | Villager (Male) |
| 2:09 | Create | Villager (Male) |
| 2:18 | Build | Lumber Camp |
| 2:21 | Create | Villager (Male) |
| 3:02 | Create | Villager (Male) |
| 3:16 | Create | Villager (Male) |
| 3:48 | Create | Villager (Male) |
| 3:58 | Create | Villager (Male) |
| 4:34 | Create | Villager (Male) |
| 4:50 | Build | House |
| 4:52 | Build | House |
| 5:41 | Create | Villager (Male) |
| 5:57 | Build | Mill |
| 6:00 | Create | Villager (Male) |
| 6:56 | Create | Villager (Male) |
| 6:56 | Create | Villager (Male) |
| 6:57 | Create | Villager (Male) |
| 7:26 | Create | Villager (Male) |
| 7:39 | Create | Villager (Male) |
| 7:57 | Research | Loom |
| 8:22 | Build | Mill |
| 8:47 | Create | Villager (Male) |
| 8:50 | Research | Feudal Age |
| 8:54 | Create | Villager (Male) |
| 9:24 | Build | Mining Camp |
| 10:33 | Create | Villager (Male) |
| 10:53 | Build | House |
| 10:54 | Build | House |
| 11:11 | Age | Feudal Age |
| 11:46 | Build | Stable |
| 12:35 | Create | Villager (Male) |
| 12:52 | Build | Mining Camp |
| 13:21 | Research | Castle Age |
| 13:52 | Research | Stone Mining |
| 14:30 | Research | Bloodlines |
| 14:54 | Build | Farm |
| 14:55 | Build | Farm |
| 14:55 | Build | Farm |
| 14:55 | Build | Farm |
| 14:55 | Build | Farm |
| 14:56 | Build | Farm |
| 14:56 | Build | Farm |
| 15:11 | Build | Farm |
| 15:52 | Research | Horse Collar |
| 16:01 | Age | Castle Age |
| 16:16 | Build | Farm |
| 16:29 | Build | Farm |
| 16:32 | Create | Villager (Male) |
| 16:46 | Create | Knight |
| 16:47 | Create | Knight |
| 16:47 | Create | Knight |
| 17:14 | Build | House |
| 17:41 | Build | Archery Range |
| 18:03 | Create | Knight |
| 18:14 | Create | Archer |
| 18:14 | Create | Archer |
| 19:22 | Create | Scout Cavalry |
| 19:41 | Create | Scout Cavalry |
| 19:41 | Create | Scout Cavalry |
| 22:03 | Create | Scout Cavalry |
Match timeline
| 7:03 | HABS · resign |
| 10:09 | LaPolitziaaa · age_up feudal |
| 10:23 | Aphelink · first_building Barracks |
| 11:05 | miguel.athien · first_building Barracks |
| 11:11 | ROROGA · age_up feudal |
| 11:15 | Aphelink · age_up feudal |
| 11:25 | miguel.athien · age_up feudal |
| 11:37 | Aphelink · first_building Archery Range |
| 11:46 | ROROGA · first_building Stable |
| 12:13 | LaPolitziaaa · first_market_sell 100 stone |
| 12:17 | chello3200 · first_building Barracks |
| 12:17 | Betogram · age_up feudal |
| 12:28 | miguel.athien · first_building Stable |
| 12:32 | chello3200 · age_up feudal |
| 13:50 | Aphelink · wall_segment Palisade Wall x1 |
| 14:03 | Lordsville · age_up feudal |
| 14:57 | LaPolitziaaa · age_up castle |
| 15:06 | LaPolitziaaa · first_building Siege Workshop |
| 16:01 | ROROGA · age_up castle |
| 16:04 | miguel.athien · wall_segment Palisade Wall x23 |
| 16:12 | Aphelink · age_up castle |
| 16:54 | Lordsville · wall_segment Palisade Wall x10 |
| 17:41 | ROROGA · first_building Archery Range |
| 17:42 | Lordsville · age_up castle |
| 17:45 | Lordsville · first_building Siege Workshop |
| 17:50 | Lordsville · first_building Monastery |
| 18:36 | Lordsville · first_market_sell 100 stone |
| 18:37 | Lordsville · first_market_buy 100 food |
| 19:01 | Betogram · first_building Barracks |
| 19:03 | Lordsville · first_building Barracks |
| 20:05 | Lordsville · first_building Archery Range |
| 20:24 | Betogram · first_building Stable |
| 21:32 | Lordsville · wall_segment Palisade Wall x8 |
| 21:36 | Betogram · age_up castle |
| 21:37 | LaPolitziaaa · first_building Barracks |
| 21:49 | Betogram · first_building Monastery |
| 21:51 | Lordsville · age_up imperial |
| 24:45 | LaPolitziaaa · first_building Archery Range |
| 24:49 | LaPolitziaaa · first_building Stable |
| 25:02 | LaPolitziaaa · first_market_buy 100 stone |
| 26:45 | Aphelink · first_building Monastery |
| 26:58 | Betogram · first_market_sell 100 food |
| 27:21 | Lordsville · wall_segment Palisade Wall x2 |
| 28:39 | Lordsville · wall_segment Palisade Wall x8 |
| 30:21 | Aphelink · age_up imperial |
| 30:44 | chello3200 · tribute_sent a jugador 2 |
| 30:44 | chello3200 · tribute_sent a jugador 3 |
| 30:44 | chello3200 · tribute_sent a jugador 4 |
| 30:44 | chello3200 · tribute_sent a jugador 5 |
| 30:44 | chello3200 · tribute_sent a jugador 6 |
| 30:44 | chello3200 · tribute_sent a jugador 7 |
| 30:44 | chello3200 · tribute_sent a jugador 8 |
| 31:35 | LaPolitziaaa · first_building Castle |
| 32:10 | chello3200 · age_up castle |
| 32:14 | Lordsville · wall_segment Palisade Wall x1 |
| 32:15 | chello3200 · first_building Siege Workshop |
| 32:21 | Lordsville · wall_segment Palisade Wall x1 |
| 32:57 | chello3200 · first_building Monastery |
| 34:35 | LaPolitziaaa · first_building Monastery |
| 37:28 | Betogram · age_up imperial |
| 38:31 | chello3200 · age_up imperial |
| 40:57 | chello3200 · first_building Castle |
| 41:18 | chello3200 · tribute_sent a jugador 2 |
| 41:18 | chello3200 · tribute_sent a jugador 3 |
| 41:18 | chello3200 · tribute_sent a jugador 4 |
| 41:18 | chello3200 · tribute_sent a jugador 5 |
| 41:18 | chello3200 · tribute_sent a jugador 6 |
| 41:18 | chello3200 · tribute_sent a jugador 7 |
| 41:18 | chello3200 · tribute_sent a jugador 8 |
| 43:07 | LaPolitziaaa · age_up imperial |
| 43:42 | Lordsville · wall_segment Palisade Wall x1 |
| 43:48 | Aphelink · first_building Castle |
| 44:56 | Lordsville · wall_segment Palisade Wall x2 |
[ AI ANALYSIS · 1 CREDIT ]
What really happened in this match?
Wolo.gg analyzes every decision: build order, eco, micro, common mistakes by bracket. Personalized analysis on WhatsApp or Discord in 30 seconds.
Civ guide
Magyars
Perfil
Jugador #2003738